 Dungeon Crawl Stone Soup version 0.17-a0-1409-ge6d9485 (console) character file.

672 Fusha the Sneak (level 7, 0/32 HPs)
             Began as a Vine Stalker Earth Elementalist on June 22, 2015.
             Slain by a killer bee (3 damage)
             ... on level 4 of the Dungeon on June 23, 2015.
             The game lasted 00:23:28 (3340 turns).

Fusha the Sneak (Vine Stalker Earth Elementalist)   Turns: 3340, Time: 00:23:28

Health: 0/32       AC:  4    Str: 10    XL:     7   Next: 59%
Magic:  0/12       EV: 13    Int: 17    God:
Gold:   165        SH:  0    Dex: 15    Spells: 3 memorised, 6 levels left

rFire  . . .     SeeInvis .     t - +3 mace (crush)
rCold  . . .     Clarity  .     h - +0 robe
rNeg   . . .     SustAt   +     (no shield)
rPois  .         Gourm    .     (no helmet)
rElec  .         Spirit   +     (no cloak)
rCorr  .         Warding  .     (no gloves)
rMut   .         Stasis   .     (no boots)
MR     .....                    (no amulet)
Stlth  +++.......               n - +2 ring of protection (curse)
                                u - ring of sustain attributes

@: lethally poisoned (0 -> -1), not resistant to hostile enchantments, fairly
stealthy
A: fangs 2, regeneration 2, magic shield, antimagic bite, no device heal 3, rot
immunity
a: no special abilities


You were on level 4 of the Dungeon.
You were not hungry.

You visited 1 branch of the dungeon, and saw 4 of its levels.

You collected 165 gold pieces.

Inventory:

Hand weapons
 b - a +0 dagger
 e - a +0 whip
 t - a +3 mace of crushing (weapon)
Missiles
 a - 167 stones (quivered)
 m - 3 needles of confusion
Armour
 h - a +0 robe (worn)
Jewellery
 n - a cursed +2 ring of protection (right hand)
 u - a ring of sustain attributes (left hand)
Scrolls
 f - 4 scrolls of remove curse
 l - a scroll of identify
 o - a scroll of enchant weapon
 s - a scroll of amnesia
Potions
 g - a potion of cure mutation
 i - 4 potions of curing
 k - 2 potions of degeneration
 p - 2 potions of brilliance
Books
 c - a book of Geomancy

   Spells                             Type                      Level
   a - Sandblast                      Earth                        1
   b - Stoneskin                      Transmutation/Earth          2
   c - Passwall                       Transmutation/Earth          3
   d - Stone Arrow                    Conjuration/Earth            3
   e - Petrify                        Transmutation/Earth          4
   f - Lee's Rapid Deconstruction     Earth                        5
Comestibles
 d - a bread ration
 r - a meat ration


   Skills:
 + Level 2.6 Short Blades
 + Level 2.8 Dodging
 * Level 6.1 Stealth
 + Level 3.2 Spellcasting
 + Level 1.2 Conjurations
 - Level 1.0 Transmutations
 * Level 5.1 Earth Magic


You had 6 spell levels left.
You knew the following spells:

 Your Spells              Type           Power        Failure   Level  Hunger
a - Sandblast             Erth           ###...       2%          1    None
b - Stone Arrow           Conj/Erth      ##....       14%         3    ###....
c - Stoneskin             Trmt/Erth      ##......     10%         2    ##.....


Dungeon Overview and Level Annotations

Branches:
Dungeon (4/15)
 Temple: D:4-7

Altars:
The Shining One


Innate Abilities, Weirdness & Mutations

You have extremely sharp teeth.
You heal very quickly.
When hurt, damage is shared between your health and your magic reserves.
Your bite disrupts and absorbs the magic of your enemies.
Potions and wands cannot restore your health.
You are immune to rotting.


Message History

The killer bee is heavily wounded.
You feel sick. The killer bee closely misses you. The killer bee misses you.
Casting: Sandblast
Confirm with . or Enter, or press ? or * to list all spells.
You don't have enough magic to cast that spell.
Drink which item? (? for menu, Esc to quit)
Okay, then.
Read which item? (? for menu, Esc to quit)
Okay, then.
The killer bee stings you.
* * * LOW HITPOINT WARNING * * *
You feel sick. The killer bee closely misses you.
Wield which item (- for none, * to show all)? (? for menu, Esc to quit)
t - a +3 mace of crushing (weapon)
The killer bee stings you but does no damage.
You sock the killer bee! Your bite misses the killer bee.
The killer bee is almost dead.
You feel sick. The killer bee misses you. The killer bee misses you.
The killer bee stings you.
You die...

###############
#.............#
#.###########.#
#.# #.# #.# #.#
#.# ####.####
#.# #>.......
#.# ###.##.....
#@# #...##.....
#y# #.#.##.....
#K# #.#.##.....
#g# #.#.##.....
†l. #.#.##..#.#
.....
#.#.####...
.......
#.#.....#.#
........#
#..........
#........#
#########.#


You could see a killer bee, a goblin, a kobold and a giant newt.

Vanquished Creatures
  A scorpion (D:3)
  5 killer bees (D:4)
  The ghost of asdu the Slasher, a weakling DgSk (D:4)
  A hound (D:3)
  3 orc priests
  An orc wizard (D:4)
  An iguana (D:4)
  A hound zombie (D:4)
  3 gnolls (D:2)
  5 adders
  An ooze (D:2)
  4 worms
  8 giant geckos
  4 orcs
  4 giant cockroaches
  4 goblins
  6 hobgoblins
  4 jackals (D:4)
  11 kobolds
  5 bats
  5 giant newts
  8 rats
86 creatures vanquished.

Vanquished Creatures (others)
  A plant (D:4)
1 creature vanquished.

Grand Total: 87 creatures vanquished

Notes
Turn   | Place    | Note
--------------------------------------------------------------
     0 | D:1      | Fusha the Vine Stalker Earth Elementalist began the quest for the Orb.
     0 | D:1      | Reached XP level 1. HP: 9/9 MP: 4/4
   244 | D:1      | Reached XP level 2. HP: 13/13 MP: 6/6
   878 | D:2      | Found a glowing golden altar of the Shining One.
   921 | D:2      | Reached XP level 3. HP: 13/16 MP: 4/7
   926 | D:2      | Learned a level 3 spell: Stone Arrow
   929 | D:2      | Learned a level 2 spell: Stoneskin
  1404 | D:2      | Reached XP level 4. HP: 18/21 MP: 3/8
  1407 | D:2      | Reached skill level 1 in Short Blades
  1534 | D:3      | Reached skill level 4 in Stealth
  1536 | D:3      | Reached XP level 5. HP: 18/24 MP: 1/10
  2059 | D:3      | Gained mutation: You are robust (+10% HP). [potion of mutation]
  2059 | D:3      | Lost mutation: You are robust (+10% HP). [potion of mutation]
  2262 | D:4      | Gained mutation: You heal very quickly. [Vine Stalker growth]
  2262 | D:4      | Reached XP level 6. HP: 26/28 MP: 6/11
  2637 | D:4      | Noticed asdu's ghost (weakling DgSk)
  2711 | D:4      | Killed asdu's ghost
  2840 | D:4      | Reached skill level 5 in Stealth
  3169 | D:4      | Reached XP level 7. HP: 26/32 MP: 3/12
  3323 | D:4      | Reached skill level 1 in Conjurations
  3323 | D:4      | Reached skill level 5 in Earth Magic
  3325 | D:4      | Reached skill level 6 in Stealth
  3340 | D:4      | Slain by a killer bee

Vault maps used:
D:1:      lordsloth_arrival_two_stooges
D:2:      tso_metal_star
D:4:      st_stairs_12, minmay_lizard_king

Action                   |  1- 3 |  4- 6 |  7- 9 || total
-------------------------+-------+-------+-------++-------
Melee: Whip              |     2 |       |       ||     2
       Dagger            |    23 |    35 |     4 ||    62
       Mace              |       |     1 |    11 ||    12
 Cast: Sandblast         |    39 |    88 |    12 ||   139
  Use: Scroll            |       |    14 |       ||    14
       Potion            |       |     2 |     1 ||     3
 Stab: Sleeping          |     6 |     4 |       ||    10
       Distracted        |       |     1 |       ||     1
  Eat: Fruit             |     3 |       |       ||     3
       Pizza             |     1 |       |       ||     1
       Meat ration       |       |     1 |       ||     1
